[Event "26th OIBM 2023"]
[Site "Gmund am Tegernsee"]
[Date "2023.10.29"]
[Round "2.33"]
[White "Kraemer, Stefan"]
[Black "Lavrencic, Matic"]
[Result "0-1"]
[ECO "B92"]
[WhiteElo "2105"]
[BlackElo "2319"]
[Annotator "ChessBase"]
[PlyCount "184"]
[EventDate "2023.10.04"]
[EventType "swiss"]
[EventCountry "GER"]
[SourceTitle "playchess.com"]
[Source "ChessBase"]
[SourceQuality "1"]
[TimeControl "40/5400+30:1800+30"]

1. e4 c5 2. Nf3 d6 3. d4 cxd4 4. Nxd4 Nf6 5. Nc3 a6 6. Be2 e5 7. Nb3 Be7 8. Be3 Be6 9. Nd5 Nbd7 10. Qd3 Bxd5 11. exd5 O-O 12. O-O Rc8 13. c4 a5 14. Rae1 a4 15. Nd2 Nc5 16. Qb1 Nfd7 17. b4 axb3 18. axb3 f5 19. f4 exf4 20. Bxf4 Bg5 21. Kh1 Ne5 22. b4 Ncd7 23. Nb3 Bxf4 24. Rxf4 Qb6 25. Ref1 g6 26. Qe1 Rce8 27. Qc3 Nf6 28. c5 Qd8 29. Rd4 Ne4 30. Qh3 Ng4 31. Kg1 Ng5 32. Qd3 Re3 33. Qc2 Nf6 34. cxd6 Qxd6 35. Nc5 Qe5 36. Rd2 Nge4 37. Nxe4 Nxe4 38. Rd3 Nd6 39. Bf3 Rc8 40. Qd2 Rxd3 41. Qxd3 Rc3 42. Qd2 Re3 43. Qc1 Qd4 44. Qc5 Qe5 45. h3 Rc3 46. Qa5 Rc8 47. Qb6 Kg7 48. Rd1 h5 49. Qf2 Re8 50. Rd2 Qc3 51. Re2 Qxb4 52. Rxe8 Nxe8 53. Qe3 Qf8 54. Qe5+ Kh7 55. Qe6 Nd6 56. Be2 h4 57. Bd3 Qd8 58. Kh1 Kg7 59. Bc2 Qf6 60. Qd7+ Kh6 61. Qa4 b5 62. Qf4+ Kg7 63. Qb4 Qa1+ 64. Bb1 Qe5 65. Qc5 Qe1+ 66. Kh2 Qe5+ 67. Kh1 Qe1+ 68. Kh2 Qg3+ 69. Kh1 Kf6 70. Qd4+ Kg5 71. Bd3 Qe1+ 72. Kh2 b4 73. Qc5 Qe5+ 74. Kh1 b3 75. Qc1+ Kf6 76. Qh6 Qe1+ 77. Kh2 Qg3+ 78. Kh1 Qxd3 79. Qh8+ Kf7 80. Qh7+ Kf6 81. Qh8+ Kg5 82. Qd8+ Kf4 83. Qxd6+ Ke3 84. Qb6+ Ke2 85. d6 f4 86. d7 Qxd7 87. Qxb3 Qd1+ 88. Qxd1+ Kxd1 89. Kg1 Ke2 90. Kh2 Kf2 91. Kh1 g5 92. Kh2 f3 0-1

[Event "26th OIBM 2023"]
[Site "Gmund am Tegernsee"]
[Date "2023.10.29"]
[Round "2.34"]
[White "Gohla, Ulf"]
[Black "Forchert, Martin"]
[Result "0-1"]
[ECO "D20"]
[WhiteElo "2102"]
[BlackElo "2317"]
[Annotator "ChessBase"]
[PlyCount "80"]
[EventDate "2023.10.04"]
[EventType "swiss"]
[EventCountry "GER"]
[SourceTitle "playchess.com"]
[Source "ChessBase"]
[SourceQuality "1"]
[TimeControl "40/5400+30:1800+30"]

1. d4 d5 2. c4 dxc4 3. e3 e5 4. Nf3 exd4 5. Qxd4 Qxd4 6. Nxd4 a6 7. Bxc4 Nf6 8. Nc3 c5 9. Nf3 Nbd7 10. a4 b6 11. O-O Bb7 12. e4 Rd8 13. Re1 Be7 14. e5 Ng4 15. Bd5 Bc8 16. Bg5 Nb8 17. Rad1 Be6 18. Bxe6 fxe6 19. Rxd8+ Bxd8 20. h3 Nh6 21. Rd1 Bc7 22. Ne4 Nf7 23. Nd6+ Bxd6 24. exd6 Kd7 25. Bf4 Nc6 26. Ng5 Nxg5 27. Bxg5 Rf8 28. Be3 Rf5 29. g4 Rd5 30. Rxd5 exd5 31. Bf4 g6 32. Kf1 Nd8 33. Be5 Nf7 34. f4 Nxd6 35. b3 Ke6 36. Ke2 d4 37. b4 Nc4 38. Bg7 Kd5 39. bxc5 bxc5 40. Kd3 Ne3 0-1

[Event "26th OIBM 2023"]
[Site "Gmund am Tegernsee"]
[Date "2023.10.29"]
[Round "2.35"]
[White "Dobrosmyslov, Artem"]
[Black "Beisteiner, Joachim"]
[Result "1/2-1/2"]
[ECO "D31"]
[WhiteElo "2316"]
[BlackElo "2115"]
[Annotator "ChessBase"]
[PlyCount "92"]
[EventDate "2023.10.04"]
[EventType "swiss"]
[EventCountry "GER"]
[SourceTitle "playchess.com"]
[Source "ChessBase"]
[SourceQuality "1"]
[TimeControl "40/5400+30:1800+30"]

1. d4 d5 2. c4 e6 3. Nc3 Be7 4. cxd5 exd5 5. Bf4 c6 6. e3 Bf5 7. g4 Be6 8. Bd3 Nd7 9. h3 h5 10. gxh5 Ndf6 11. Qf3 Nxh5 12. Nge2 Bd6 13. Bxd6 Qxd6 14. O-O-O Ngf6 15. Kb1 O-O-O 16. Rc1 Kb8 17. Qg2 g6 18. f3 Bc8 19. Qf2 Rhe8 20. Ka1 Ka8 21. Bb1 Qc7 22. e4 Nf4 23. e5 Nxe2 24. Nxe2 Nh5 25. f4 Ng7 26. Ng3 Rh8 27. f5 gxf5 28. Nxf5 Nxf5 29. Bxf5 Bxf5 30. Qxf5 Rh4 31. Qf2 Rdh8 32. Rcg1 a6 33. Rg8+ Rxg8 34. Qxh4 c5 35. Qf2 cxd4 36. Qxd4 Re8 37. Re1 Qd7 38. Re3 Qe6 39. a3 f6 40. Rd3 fxe5 41. Qxd5 e4 42. Qxe6 Rxe6 43. Re3 Kb8 44. h4 Kc7 45. h5 Rh6 46. Rxe4 Rxh5 1/2-1/2

[Event "26th OIBM 2023"]
[Site "Gmund am Tegernsee"]
[Date "2023.10.29"]
[Round "2.36"]
[White "Engesser, Jonas"]
[Black "Baerwinkel, Tobias"]
[Result "1/2-1/2"]
[ECO "E32"]
[WhiteElo "2100"]
[BlackElo "2315"]
[Annotator "ChessBase"]
[PlyCount "77"]
[EventDate "2023.10.04"]
[EventType "swiss"]
[EventCountry "GER"]
[SourceTitle "playchess.com"]
[Source "ChessBase"]
[SourceQuality "1"]
[TimeControl "40/5400+30:1800+30"]

1. d4 Nf6 2. c4 e6 3. Nc3 Bb4 4. Qc2 O-O 5. Nf3 d5 6. cxd5 exd5 7. Bf4 c6 8. e3 Bd6 9. Bxd6 Qxd6 10. Bd3 Be6 11. O-O Nbd7 12. h3 Rfe8 13. Rab1 a5 14. a3 g6 15. Rfc1 Kg7 16. Na4 Nf8 17. b4 axb4 18. axb4 b5 19. Nc5 Bc8 20. Ne5 Rxe5 21. dxe5 Qxe5 22. Qc3 Qg5 23. Kf1 N8d7 24. Nb3 Ra3 25. Ra1 d4 26. exd4 Nd5 27. Qxc6 Rxb3 28. Qxc8 Rxd3 29. Qxd7 Rxd4 30. Qe8 Nf4 31. g3 Nxh3 32. Rc8 Qd5 33. Qf8+ Kf6 34. Qh8+ Ke6 35. Qe8+ Kf6 36. Qh8+ Ke6 37. Qe8+ Kf6 38. Qh8+ Ke6 39. Re1+ 1/2-1/2

[Event "26th OIBM 2023"]
[Site "Gmund am Tegernsee"]
[Date "2023.10.29"]
[Round "2.37"]
[White "Unuk, Laura"]
[Black "Baeuml, Ulrich"]
[Result "1-0"]
[ECO "B90"]
[WhiteElo "2313"]
[BlackElo "2112"]
[Annotator "ChessBase"]
[PlyCount "59"]
[EventDate "2023.10.04"]
[EventType "swiss"]
[EventCountry "GER"]
[SourceTitle "playchess.com"]
[Source "ChessBase"]
[SourceQuality "1"]
[TimeControl "40/5400+30:1800+30"]

1. e4 c5 2. Nf3 d6 3. d4 cxd4 4. Nxd4 Nf6 5. Nc3 a6 6. f3 e5 7. Nb3 Be6 8. Be3 Be7 9. Qd2 h5 10. O-O-O Nbd7 11. Kb1 Rc8 12. g3 b5 13. Nd5 Nxd5 14. exd5 Bf5 15. Bd3 Bxd3 16. cxd3 Nb6 17. Bxb6 Qxb6 18. d4 O-O 19. dxe5 dxe5 20. Na5 Rfd8 21. Qe1 Bd6 22. Nc6 Re8 23. Qe4 a5 24. g4 hxg4 25. fxg4 a4 26. Rhf1 a3 27. g5 Rc7 28. Rf3 g6 29. Rf6 Rd7 30. Rxg6+ 1-0

[Event "26th OIBM 2023"]
[Site "Gmund am Tegernsee"]
[Date "2023.10.29"]
[Round "2.38"]
[White "Schmidt, Gerhard"]
[Black "Mai, Philipp"]
[Result "1-0"]
[ECO "E08"]
[WhiteElo "2112"]
[BlackElo "2313"]
[Annotator "ChessBase"]
[PlyCount "81"]
[EventDate "2023.10.04"]
[EventType "swiss"]
[EventCountry "GER"]
[SourceTitle "playchess.com"]
[Source "ChessBase"]
[SourceQuality "1"]
[TimeControl "40/5400+30:1800+30"]

1. d4 e6 2. g3 Nf6 3. Bg2 d5 4. Nf3 Be7 5. O-O O-O 6. c4 c6 7. Qc2 Nbd7 8. Rd1 b6 9. b3 Bb7 10. Nc3 Rc8 11. e4 c5 12. e5 Ne8 13. Bb2 dxc4 14. d5 cxb3 15. axb3 Bxd5 16. Nxd5 exd5 17. Rxd5 Nc7 18. Rd3 Ne6 19. Qd2 Rc7 20. Rd1 Qb8 21. Nh4 Bxh4 22. gxh4 c4 23. bxc4 Ndc5 24. Rd6 Nb7 25. Ba3 Nbc5 26. Bd5 Re8 27. h5 h6 28. f4 Rcc8 29. Kh1 Qc7 30. Rg1 Kh8 31. Bb2 Rg8 32. f5 Ng5 33. h4 Nge6 34. fxe6 fxe6 35. Bg2 Qe7 36. Qe1 Na4 37. Bd4 Rxc4 38. Bf1 Rcc8 39. Bd3 Rgf8 40. Qg3 Nc5 41. Bxc5 1-0

[Event "26th OIBM 2023"]
[Site "Gmund am Tegernsee"]
[Date "2023.10.29"]
[Round "2.39"]
[White "Schuster, Karsten"]
[Black "Renner, Kai"]
[Result "1/2-1/2"]
[ECO "A88"]
[WhiteElo "2309"]
[BlackElo "2103"]
[Annotator "ChessBase"]
[PlyCount "96"]
[EventDate "2023.10.04"]
[EventType "swiss"]
[EventCountry "GER"]
[SourceTitle "playchess.com"]
[Source "ChessBase"]
[SourceQuality "1"]
[TimeControl "40/5400+30:1800+30"]

1. d4 f5 2. g3 Nf6 3. Bg2 g6 4. Nf3 Bg7 5. O-O O-O 6. c4 d6 7. Nc3 c6 8. Rb1 a5 9. Qb3 h6 10. c5+ Kh7 11. cxd6 exd6 12. Qc2 Na6 13. a3 Nc7 14. Nh4 Be6 15. Bd2 Ncd5 16. Rfe1 Qd7 17. Rbc1 Nxc3 18. Bxc3 g5 19. Nf3 Kg8 20. h4 Ne4 21. hxg5 hxg5 22. Nd2 d5 23. Nf1 Bf6 24. f3 Nd6 25. Nd2 Kg7 26. Rcd1 f4 27. g4 Bf7 28. e4 fxe3 29. Nf1 Bg6 30. Qc1 a4 31. Nxe3 Rfe8 32. Bf1 Qf7 33. Bd3 Bxd3 34. Rxd3 Qg6 35. Rdd1 Kf7 36. Bb4 Nb5 37. Nf5 Rxe1+ 38. Bxe1 Rh8 39. Qc2 Qh7 40. Qg2 Qh3 41. Bf2 Qxg2+ 42. Kxg2 Re8 43. Rd2 Ke6 44. Bg3 Kd7 45. Kf1 Rh8 46. Kg2 Re8 47. Kf1 Rh8 48. Kg2 Re8 1/2-1/2

[Event "26th OIBM 2023"]
[Site "Gmund am Tegernsee"]
[Date "2023.10.29"]
[Round "2.40"]
[White "Singer, Christoph"]
[Black "Engel, Johannes"]
[Result "1/2-1/2"]
[ECO "C02"]
[WhiteElo "2303"]
[BlackElo "2101"]
[Annotator "ChessBase"]
[PlyCount "71"]
[EventDate "2023.10.04"]
[EventType "swiss"]
[EventCountry "GER"]
[SourceTitle "playchess.com"]
[Source "ChessBase"]
[SourceQuality "1"]
[TimeControl "40/5400+30:1800+30"]

1. e4 e6 2. d4 d5 3. e5 c5 4. c3 Nc6 5. Nf3 Bd7 6. Bd3 Qb6 7. dxc5 Bxc5 8. O-O a5 9. Nbd2 f5 10. Nb3 Bf8 11. Re1 Qc7 12. Nbd4 Nxd4 13. Nxd4 Bc5 14. Qh5+ g6 15. Qh4 Qb6 16. Nb3 Be7 17. Qg3 Qc7 18. Nd4 Kf7 19. Bf4 Qd8 20. Bd2 Rc8 21. Rac1 Qb6 22. Rb1 h5 23. h4 Qd8 24. Nf3 Nh6 25. Ng5+ Kg7 26. Re2 Nf7 27. Nf3 Kh7 28. Rbe1 Qb6 29. Be3 Qc7 30. Bf4 Rhg8 31. Ng5+ Nxg5 32. Bxg5 Qd8 33. Qf4 Bxg5 34. hxg5 Qb6 35. Qd4 Qc5 36. Qxc5 1/2-1/2

[Event "26th OIBM 2023"]
[Site "Gmund am Tegernsee"]
[Date "2023.10.29"]
[Round "2.41"]
[White "Schott, Guido"]
[Black "Solomon, Kenny"]
[Result "0-1"]
[ECO "A20"]
[WhiteElo "2016"]
[BlackElo "2300"]
[Annotator "ChessBase"]
[PlyCount "70"]
[EventDate "2023.10.04"]
[EventType "swiss"]
[EventCountry "GER"]
[SourceTitle "playchess.com"]
[Source "ChessBase"]
[SourceQuality "1"]
[TimeControl "40/5400+30:1800+30"]

1. c4 e5 2. g3 Nf6 3. Bg2 c6 4. d4 e4 5. d5 Bb4+ 6. Bd2 Qe7 7. Qb3 Na6 8. Nh3 h6 9. O-O O-O 10. Nc3 Re8 11. a3 Bxc3 12. Bxc3 cxd5 13. cxd5 d6 14. Rac1 Nc5 15. Qa2 a5 16. b4 axb4 17. Bxb4 Bf5 18. Rfd1 Qd7 19. Nf4 Na4 20. e3 Ng4 21. Rd2 Ne5 22. Rdc2 Rac8 23. Rxc8 Rxc8 24. Rxc8+ Qxc8 25. Ne2 Nf3+ 26. Kh1 Qc7 27. Qb3 Nc5 28. Bxc5 Qxc5 29. Nc3 g5 30. Qb4 Qc8 31. Bxf3 exf3 32. e4 Bg6 33. Nd1 Qc1 34. Qd4 Bxe4 35. h4 Bc2 0-1

[Event "26th OIBM 2023"]
[Site "Gmund am Tegernsee"]
[Date "2023.10.29"]
[Round "2.42"]
[White "Hiemer, Bernd"]
[Black "Dubessay, Bastien"]
[Result "1-0"]
[ECO "B25"]
[WhiteElo "1999"]
[BlackElo "2286"]
[Annotator "ChessBase"]
[PlyCount "97"]
[EventDate "2023.10.04"]
[EventType "swiss"]
[EventCountry "GER"]
[SourceTitle "playchess.com"]
[Source "ChessBase"]
[SourceQuality "1"]
[TimeControl "40/5400+30:1800+30"]

1. e4 c5 2. Nc3 Nc6 3. g3 g6 4. Bg2 Bg7 5. d3 d6 6. Be3 Rb8 7. f4 e6 8. Nf3 Nge7 9. O-O O-O 10. Qd2 Nd4 11. g4 f5 12. gxf5 gxf5 13. Rae1 b6 14. Bxd4 cxd4 15. Nb5 fxe4 16. dxe4 e5 17. Qb4 Ng6 18. f5 Nf4 19. Nxd6 Qe7 20. Qb3+ Kh8 21. Nxc8 Rbxc8 22. Rf2 Bf6 23. Kh1 d3 24. cxd3 Bh4 25. Nxh4 Qxh4 26. Ref1 Rc1 27. Rxc1 Qxf2 28. Rg1 Qd4 29. Bf1 a5 30. Qc3 Qd6 31. Rg4 Qf6 32. d4 exd4 33. Qc7 Ng6 34. Bd3 Ne5 35. Rg3 h5 36. Bc4 h4 37. Rg1 d3 38. h3 Rd8 39. Bd5 a4 40. Qc1 Rd7 41. Qd1 Qh6 42. f6 d2 43. Rg2 Rc7 44. Rxd2 Nd3 45. f7 Rc1 46. Qxc1 Nxc1 47. Rg2 Kh7 48. Rg8 Ne2 49. f8=N+ 1-0

[Event "26th OIBM 2023"]
[Site "Gmund am Tegernsee"]
[Date "2023.10.29"]
[Round "2.43"]
[White "Schneider, Jana"]
[Black "Fauth, Dietmar"]
[Result "1-0"]
[ECO "B31"]
[WhiteElo "2285"]
[BlackElo "2048"]
[Annotator "ChessBase"]
[PlyCount "75"]
[EventDate "2023.10.04"]
[EventType "swiss"]
[EventCountry "GER"]
[SourceTitle "playchess.com"]
[Source "ChessBase"]
[SourceQuality "1"]
[TimeControl "40/5400+30:1800+30"]

1. e4 c5 2. Nf3 Nc6 3. Bb5 Nf6 4. Nc3 g6 5. e5 Ng4 6. Bxc6 dxc6 7. O-O Bg7 8. Re1 O-O 9. d3 f6 10. exf6 exf6 11. h3 Nh6 12. Ne4 b6 13. a4 Nf5 14. a5 Ba6 15. Bf4 Nd4 16. Nd6 Qd7 17. Nd2 Ne6 18. Bh2 f5 19. axb6 axb6 20. N2c4 Bxc4 21. Rxa8 Rxa8 22. Nxc4 Ra6 23. c3 b5 24. Ne5 Qd5 25. Nf3 Ra2 26. Re2 h6 27. Qe1 Nf8 28. Be5 Ra7 29. Bxg7 Rxg7 30. Re8 Qd7 31. Qe5 Rf7 32. Qb8 Rf6 33. Ne5 Qd6 34. Qc8 Kg7 35. f4 g5 36. Rd8 Qe6 37. Rxf8 Qxc8 38. Rxc8 1-0

[Event "26th OIBM 2023"]
[Site "Gmund am Tegernsee"]
[Date "2023.10.29"]
[Round "2.44"]
[White "Scheffner, Jarno"]
[Black "Bracker, Arne"]
[Result "0-1"]
[ECO "C78"]
[WhiteElo "1983"]
[BlackElo "2279"]
[Annotator "ChessBase"]
[PlyCount "94"]
[EventDate "2023.10.04"]
[EventType "swiss"]
[EventCountry "GER"]
[SourceTitle "playchess.com"]
[Source "ChessBase"]
[SourceQuality "1"]
[TimeControl "40/5400+30:1800+30"]

1. e4 e5 2. Nf3 Nc6 3. Bb5 a6 4. Ba4 Nf6 5. d3 Bc5 6. c3 d6 7. O-O Ba7 8. Nbd2 O-O 9. h3 Ne7 10. Re1 Ng6 11. Nf1 c6 12. d4 exd4 13. cxd4 d5 14. e5 Nh5 15. Bg5 f6 16. exf6 Nxf6 17. Bc2 Qc7 18. Ng3 Bd7 19. Qd3 Nf4 20. Bxf4 Qxf4 21. Nh5 Qh6 22. Ng3 Rae8 23. Re5 Bb8 24. Rxe8 Rxe8 25. Nf5 Qh5 26. Re1 Ne4 27. Ng3 Nxg3 28. fxg3 Bxg3 29. Rxe8+ Bxe8 30. Qf5 Qxf5 31. Bxf5 a5 32. Kf1 b6 33. Ke2 h6 34. Kd2 Kf8 35. a3 c5 36. Kc3 Ke7 37. b4 cxb4+ 38. axb4 Kd6 39. Bd3 Bh5 40. bxa5 bxa5 41. Nd2 Be1 42. Kc2 Be8 43. Nf3 Ba4+ 44. Kb2 Bg3 45. Nd2 Bf2 46. Kc3 Be1 47. Bb1 Bb5 0-1

[Event "26th OIBM 2023"]
[Site "Gmund am Tegernsee"]
[Date "2023.10.30"]
[Round "3.1"]
[White "Zawadzka, Jolanta"]
[Black "Mastrovasilis, Dimitrios"]
[Result "1/2-1/2"]
[ECO "B09"]
[WhiteElo "2342"]
[BlackElo "2573"]
[Annotator "TA"]
[PlyCount "29"]
[EventDate "2023.10.04"]
[EventType "swiss"]
[EventCountry "GER"]
[SourceTitle "playchess.com"]
[Source "ChessBase"]
[SourceQuality "1"]
[TimeControl "40/5400+30:1800+30"]

1. e4 d6 2. d4 Nf6 3. Nc3 g6 4. f4 Bg7 5. Nf3 c5 6. Bb5+ Bd7 7. e5 Ng4 8. e6 {[%emt 0:00:22] [#]} fxe6 $146 ({Predecessor:} 8... Bxb5 9. exf7+ Kxf7 10. Ng5+ Ke8 11. Ne6 Bxd4 12. Nxd8 Bf2+ 13. Kd2 Be3+ 14. Ke1 Bf2+ {½-½ Shabalov,A (2585)-Akobian,V (2606) WMSG Rapid 1st 2008 (4)}) 9. Ng5 Bxb5 10. Nxe6 Bxd4 11. Nxd8 Bf2+ 12. Kd2 Be3+ 13. Ke1 Bf2+ 14. Kd2 Be3+ 15. Ke1 1/2-1/2

[Event "26th OIBM 2023"]
[Site "Gmund am Tegernsee"]
[Date "2023.10.30"]
[Round "3.2"]
[White "Bauer, Christian"]
[Black "Dolzhykova, Kateryna"]
[Result "1-0"]
[ECO "C00"]
[WhiteElo "2552"]
[BlackElo "2336"]
[Annotator "TA"]
[PlyCount "67"]
[EventDate "2023.10.04"]
[EventType "swiss"]
[EventCountry "GER"]
[SourceTitle "playchess.com"]
[Source "ChessBase"]
[SourceQuality "1"]
[TimeControl "40/5400+30:1800+30"]

1. e4 e6 2. d3 d5 3. Qe2 Nc6 4. Nf3 e5 5. c3 Bg4 6. Nbd2 {[%emt 0:04:05] [#] C00: French: Unusual White 2nd moves.} (6. h3 $5 Be6 7. Ng5 $11) 6... Be7 $146 ({Predecessor:} 6... Nf6 7. h3 Bh5 8. g4 Bg6 9. Bg2 dxe4 10. Nxe4 Nxe4 11. dxe4 h5 12. g5 Bd6 {1-0 Rudakov,S (1410)-Morozov,B (1764) Voronezh op-B 20th 2016 (2)}) 7. h3 Be6 8. b4 {[%emt 0:10:13] The position is equal.} d4 9. b5 dxc3 (9... Na5 $11) 10. bxc6 $16 {[%emt 0:00:09] aiming for Nb3.} cxd2+ 11. Qxd2 bxc6 12. Qc3 ({Better is} 12. Nxe5 $16 {Black must now prevent d4.} Bc5 13. Bb2 (13. Nxc6 Qd6 $14)) 12... Rb8 $14 {[%emt 0:06:11] ...Bb4 is the strong threat.} 13. Qxc6+ (13. Qxe5 $2 Bf6 14. Qc5 Bxa1 $19) 13... Kf8 (13... Bd7 $14 14. Qc2 Bd6) 14. Qc3 (14. Nxe5 $2 {is the wrong capture.} Qd4 15. f4 (15. Qxc7 $2 Rc8 $19) 15... Bb4+ 16. Ke2 Qxa1 $19) 14... f6 15. a3 Rb3 16. Qc2 c5 17. Be2 Nh6 18. O-O Kf7 ({Black should play} 18... Qd7) 19. Nd2 Rb7 20. Nc4 Qc8 21. Bxh6 gxh6 22. Bh5+ Kg7 {[%emt 0:02:27][%cal Oe6h3] [#]} 23. Bg4 Bxg4 24. hxg4 Rg8 25. Rab1 Kh8 {[%emt 0:01:02] Black is weak on the light squares} (25... Rc7 $16 26. Ne3 Qe6) 26. Rxb7 $18 Qxb7 27. Rb1 Qd7 28. Ne3 c4 29. Qxc4 (29. dxc4 Bxa3 30. Nf5 Rc8 $18) 29... Bxa3 $2 (29... Qc8 30. a4 Qxc4 31. dxc4 Bc5) 30. Nf5 {[%emt 0:01:18] Threatens to win with Qa6.} a5 (30... Re8 $142 31. Qa6 Bf8 32. Qxf6+ Kg8) 31. Qa6 ({Less strong is} 31. Nxh6 Rf8 32. Nf5 Bb4 $18) 31... Be7 32. Rb7 {[%emt 0:02:38][%mdl 64] [#] Skewer} Qc8 33. g3 ({Weaker is} 33. Nxe7 Qc1+ 34. Kh2 Qf4+ 35. Kh1 Qc1+ 36. Kh2 Qf4+ 37. g3 Qxf2+ 38. Kh3 Qf3 $11) 33... Rxg4 34. Qa7 {[%emt 0:02:07] Weighted Error Value: White=0.07 (flawless) /Black=0.65} (34. Nxe7 $142 Qf8 35. Nf5 Rg6 36. Qb6 h5 37. Rb8 Qxb8 38. Qxb8+ Rg8 39. Qd6 Rg6 40. Qf8+ Rg8 41. Qxf6+ Rg7 42. Qxg7#) 1-0

[Event "26th OIBM 2023"]
[Site "Gmund am Tegernsee"]
[Date "2023.10.30"]
[Round "3.3"]
[White "Van Foreest, Lucas"]
[Black "Nguyen, Alex Dac-Vuong"]
[Result "1/2-1/2"]
[ECO "D24"]
[WhiteElo "2540"]
[BlackElo "2333"]
[Annotator "TA"]
[PlyCount "76"]
[EventDate "2023.10.04"]
[EventType "swiss"]
[EventCountry "GER"]
[SourceTitle "playchess.com"]
[Source "ChessBase"]
[SourceQuality "1"]
[TimeControl "40/5400+30:1800+30"]

1. d4 Nf6 2. c4 e6 3. Nf3 d5 4. Nc3 dxc4 5. e4 Bb4 6. Bxc4 {[%emt 0:00:06] D24: Queen's Gambit Accepted: 3 Nf3 Nf6 4 Nc3.} Nxe4 7. O-O Nf6 (7... Bxc3 8. bxc3 Nd7 9. Re1 $14) 8. Qa4+ {[%emt 0:00:05] White is slightly better.} Nc6 9. Ne5 Bd6 ({Much less strong is} 9... Bd7 10. Nxc6 Bxc3 11. Nxd8 $16) (9... Rb8 {keeps more tension.} 10. d5 exd5 11. Nxd5 Nxd5 12. Nxc6 bxc6 13. Qxc6+ Bd7) 10. Nxc6 bxc6 11. Qxc6+ Bd7 12. Qf3 h6 13. a4 O-O 14. b3 a6 {[%emt 0:00:42] [#]} 15. Bb2 $146 ({Predecessor:} 15. Rb1 Nh7 16. Rd1 Qh4 17. g3 Qf6 18. Qe2 a5 19. Ne4 Qe7 20. h4 Rfe8 21. Bd3 {½-½ Chronopoulos,A (2037)-Wiaderek,P (2000) FICGS class A 000245 email 2021 (1)}) 15... Rb8 16. Rad1 Bc8 17. Ne4 Nxe4 18. Qxe4 Bb7 19. d5 exd5 20. Bxd5 Bxd5 21. Qxd5 Re8 22. g3 Qg5 23. Qf3 Qe7 24. Qc3 {[%emt 0:01:33][%csl Gb2][%cal Rc3g7] [#]} Be5 25. Qxe5 Qxe5 26. Bxe5 Rxe5 $11 {[%emt 0:00:08][%mdl 4096] Endgame KRR-KRR} 27. Rd3 Rbe8 28. Kg2 Rc5 {[%emt 0:03:50] Prevents Rc1. The position is equal.} 29. Rfd1 Re2 30. Rf3 {[%emt 0:02:05] [#] Strongly threatening Rd8+.} f6 31. Rd7 h5 32. Kf1 Rb2 33. Rdd3 Rc1+ 34. Kg2 Kf7 35. Rc3 Rbc2 36. Rcd3 Rb2 37. Rc3 Rbc2 38. Rcd3 Rb2 {[%emt 0:10:00] Weighted Error Value: White=0.04 (flawless) /Black=0.03 (flawless)} 1/2-1/2

[Event "26th OIBM 2023"]
[Site "Gmund am Tegernsee"]
[Date "2023.10.30"]
[Round "3.4"]
[White "Chassard, Cedric"]
[Black "Stocek, Jiri"]
[Result "0-1"]
[ECO "C70"]
[WhiteElo "2326"]
[BlackElo "2535"]
[Annotator "RC"]
[PlyCount "46"]
[EventDate "2023.10.04"]
[EventType "swiss"]
[EventCountry "GER"]
[SourceTitle "playchess.com"]
[Source "ChessBase"]
[SourceQuality "1"]
[TimeControl "40/5400+30:1800+30"]

1. e4 e5 2. Nf3 Nc6 3. Bb5 a6 4. Ba4 g6 5. c3 Bg7 6. O-O b5 7. Bb3 d6 8. d4 exd4 9. Ng5 Nh6 10. Bd5 Bd7 11. cxd4 Rc8 12. Be3 Ne7 13. Bb3 c5 14. h3 O-O 15. Nc3 c4 16. Bc2 b4 17. Na4 d5 18. Nc5 Bb5 19. Qc1 dxe4 20. Nge6 fxe6 21. Bxh6 Bxh6 22. Qxh6 Nf5 23. Qd2 Rxc5 0-1

[Event "26th OIBM 2023"]
[Site "Gmund am Tegernsee"]
[Date "2023.10.30"]
[Round "3.5"]
[White "Kulon, Klaudia"]
[Black "Vetoshko, Volodymyr"]
[Result "1/2-1/2"]
[ECO "B82"]
[WhiteElo "2319"]
[BlackElo "2499"]
[Annotator "RC"]
[PlyCount "81"]
[EventDate "2023.10.04"]
[EventType "swiss"]
[EventCountry "GER"]
[SourceTitle "playchess.com"]
[Source "ChessBase"]
[SourceQuality "1"]
[TimeControl "40/5400+30:1800+30"]

1. e4 c5 2. Nf3 e6 3. d4 cxd4 4. Nxd4 Nc6 5. Nc3 a6 6. Be3 Nf6 7. a3 d6 8. f4 Be7 9. Qf3 Qc7 10. O-O-O O-O 11. Rg1 Nxd4 12. Rxd4 b5 13. g4 d5 14. e5 Ne4 15. Nxe4 dxe4 16. Qxe4 Bb7 17. Qd3 Bc5 18. Rd6 Bxd6 19. exd6 Qd7 20. Bc5 Bd5 21. Qd4 Qc6 22. Bd3 Rfd8 23. Rg3 Bc4 24. Qe4 Qxe4 25. Bxe4 Rac8 26. b4 Rd7 27. Bd3 Bxd3 28. Rxd3 f6 29. Kb2 Kf7 30. Kb3 h5 31. gxh5 Rh8 32. Rh3 Ke8 33. a4 g6 34. axb5 axb5 35. h6 Rdh7 36. Kb2 Kd7 37. Ra3 Kc6 38. Re3 Kd7 39. Ra3 Kc6 40. Re3 Re8 41. Ra3 1/2-1/2

[Event "26th OIBM 2023"]
[Site "Gmund am Tegernsee"]
[Date "2023.10.30"]
[Round "3.6"]
[White "Gallego Alcaraz, Andres Felipe"]
[Black "Unuk, Laura"]
[Result "1-0"]
[ECO "C71"]
[WhiteElo "2495"]
[BlackElo "2313"]
[Annotator "RC"]
[PlyCount "98"]
[EventDate "2023.10.04"]
[EventType "swiss"]
[EventCountry "GER"]
[SourceTitle "playchess.com"]
[Source "ChessBase"]
[SourceQuality "1"]
[TimeControl "40/5400+30:1800+30"]

1. e4 e5 2. Nf3 Nc6 3. Bb5 a6 4. Ba4 d6 5. c4 Bg4 6. d3 Nf6 7. Be3 Nd7 8. Nbd2 Nc5 9. Bxc5 dxc5 10. Bxc6+ bxc6 11. Qa4 Bd6 12. h3 Be6 13. b4 O-O 14. bxc5 Bxc5 15. Qxc6 Bb4 16. Ke2 Qe7 17. Rab1 a5 18. Rhd1 Bd7 19. Qd5 Rfe8 20. Nxe5 Ba4 21. Ndf3 Ra6 22. Ng4 Bxd1+ 23. Rxd1 Rb6 24. Kf1 Rd6 25. Qb5 Red8 26. c5 Re6 27. Rc1 Qd7 28. Qxd7 Rxd7 29. Nge5 Rd8 30. d4 Ba3 31. Rc2 Rxd4 32. Nxd4 Rxe5 33. Nb5 Bb4 34. Nxc7 Rxc5 35. Rxc5 Bxc5 36. f4 Kf8 37. Ke2 Ke7 38. Kd3 Kd6 39. Ne8+ Ke7 40. Nxg7 Bf2 41. e5 Kd7 42. Kc4 Kc6 43. a4 Bg3 44. Nh5 Bh2 45. g3 Bg1 46. Nf6 Bh2 47. Ne4 h5 48. h4 Kd7 49. Kd5 Ke7 1-0

[Event "26th OIBM 2023"]
[Site "Gmund am Tegernsee"]
[Date "2023.10.30"]
[Round "3.7"]
[White "Lavrencic, Matic"]
[Black "Ghazarian, Kirk"]
[Result "1/2-1/2"]
[ECO "B45"]
[WhiteElo "2319"]
[BlackElo "2473"]
[Annotator "RC"]
[PlyCount "129"]
[EventDate "2023.10.04"]
[EventType "swiss"]
[EventCountry "GER"]
[SourceTitle "playchess.com"]
[Source "ChessBase"]
[SourceQuality "1"]
[TimeControl "40/5400+30:1800+30"]

1. e4 c5 2. Nf3 e6 3. d4 cxd4 4. Nxd4 Nf6 5. Nc3 Nc6 6. a3 Be7 7. Nxc6 bxc6 8. e5 Nd5 9. Qg4 g6 10. Bd2 Qc7 11. Qg3 h5 12. h4 Rb8 13. Bd3 Rxb2 14. Ne4 Qb6 15. O-O Ba6 16. Bc1 Bxd3 17. Qxd3 O-O 18. Bxb2 Qxb2 19. c3 Qb8 20. Qg3 Qb3 21. a4 Qc4 22. Rfe1 a5 23. Rad1 Qxa4 24. Rd4 Qc2 25. c4 c5 26. Rxd5 exd5 27. cxd5 Qc4 28. d6 Bd8 29. Qe3 Bxh4 30. Qxc5 Qa4 31. g3 Bd8 32. Re3 h4 33. Kg2 hxg3 34. Nxg3 Qg4 35. Re4 Qe6 36. Qc4 Bb6 37. Qb5 Bd8 38. Qc4 Qxc4 39. Rxc4 f6 40. f4 fxe5 41. fxe5 Kf7 42. Rf4+ Ke8 43. Rc4 Kf7 44. Rf4+ Kg7 45. Rc4 Bb6 46. Rc2 Rf4 47. Re2 Kf7 48. Ne4 Rf5 49. Ng3 Rf4 50. Ne4 Ke6 51. Ng5+ Kf5 52. Nf3 Ke6 53. Ng5+ Kd5 54. Kg3 Rb4 55. e6 dxe6 56. Rxe6 a4 57. d7 Bc7+ 58. Kf3 a3 59. Ra6 Rb3+ 60. Ke2 Bd8 61. Nf7 Rb8 62. Rxa3 Ke6 63. Nxd8+ Rxd8 64. Ra6+ Kxd7 65. Rxg6 1/2-1/2